[Event "Team 45 45 League T77"]
[Site "Internet Chess Club"]
[Date "2018.07.29"]
[Round "6"]
[White "backrankbrawler"]
[Black "kllrchris"]
[Result "1-0"]
[WhiteElo "1748"]
[BlackElo "1630"]
[Opening "King's Indian: East Indian defense"]
[ECO "A48"]
[Time "21:08:52"]
[TimeControl "2700+45"]

1. d4 Nf6 2. Nf3 g6 3. e3 Bg7 4. Be2 O-O 5. O-O d6 6. c4 Nbd7 7. Nc3 e5 8. b4
Qe7 9. a4 Re8 10. Qb3 c6 11. h3 e4 12. Ne1 h5 13. Bb2 Nf8 14. b5 N8h7 15. Nc2
Bf5 16. Nb4 Qd7 17. Kh2 Bxh3 18. gxh3 Ng5 19. Rh1 Qxh3+ 20. Kg1 Qf5 21. bxc6
Nf3+ 22. Bxf3 exf3 23. Kf1 Qg5 24. Rg1 Qh4 25. cxb7 Rab8 26. Nc6 Ng4 27. Nd1
Qh3+ 28. Ke1 Qh2 29. Rf1 Rxb7 30. Qxb7 Nxe3 31. Nxe3 Rxe3+ 32. Kd2 Re2+ 33. Kc3
Qh4 34. Qb8+ Kh7 35. Qxd6 Qe4 36. Rac1 Bh6 37. Qd5 Bxc1 38. Qxe4 Bxb2+ 39. Kd3
Rxe4 40. Kxe4 {Black resigns} 1-0

[Event "Team 45 45 League T77"]
[Site "Internet Chess Club"]
[Date "2018.07.28"]
[Round "6"]
[White "Manon"]
[Black "justice02"]
[Result "1-0"]
[WhiteElo "1968"]
[BlackElo "1618"]
[Opening "English: symmetrical, main line with d3"]
[ECO "A38"]
[Time "08:01:44"]
[TimeControl "2700+45"]

1. Nf3 Nf6 2. c4 c5 3. Nc3 g6 4. g3 Nc6 5. Bg2 Bg7 6. O-O O-O 7. d3 d6 8. a4 Ng4
9. h3 Nge5 10. Nxe5 Bxe5 11. f4 Bg7 12. e4 e6 13. Be3 Nd4 14. Ne2 Qb6 15. Nxd4
cxd4 16. Bc1 Bd7 17. a5 Qc7 18. b4 a6 19. Bb2 e5 20. f5 Qd8 21. Bc1 f6 22. fxg6
hxg6 23. g4 Rc8 24. Qb3 Be6 25. Bd2 b5 26. axb6 Qxb6 27. h4 Kh7 28. Qd1 Bh6 29.
Bxh6 Kxh6 30. Rxf6 Rxf6 31. g5+ Kg7 32. gxf6+ Kxf6 33. Qd2 Kg7 34. h5 Rh8 35.
Qg5 Rxh5 36. Qe7+ Kh6 37. Qxe6 Qxb4 38. Bf3 Qb2 39. Bxh5 Qxa1+ 40. Kf2 Kxh5 41.
Qxd6 Qb2+ 42. Kg3 Qc1 43. Qxe5+ Qg5+ 44. Qxg5+ Kxg5 45. c5 Kf6 46. c6 Ke6 47.
Kf4 a5 48. e5 a4 49. Kg5 a3 50. Kxg6 a2 51. c7 Kd7 52. e6+ Kxc7 53. e7 a1=Q 54.
e8=Q Qg1+ 55. Kh7 Qe3 56. Qb5 Kd6 57. Qb6+ Ke7 58. Qc7+ Kf6 59. Qd6+ Kf5 60.
Qd7+ Kf4 61. Qf7+ Kg3 62. Qf5 Qe7+ 63. Kg6 Qe8+ 64. Kh7 Qe3 65. Kg6 Qf4 66. Qc5
Kf3 67. Qc2 Qe3 68. Kf5 Qe2 69. Qxe2+ Kxe2 70. Ke4 {Black resigns} 1-0

[Event "Team 45 45 League T77"]
[Site "Internet Chess Club"]
[Date "2018.07.27"]
[Round "6"]
[White "kaiclc"]
[Black "WillC"]
[Result "1-0"]
[WhiteElo "1388"]
[BlackElo "1681"]
[Opening "Caro-Kann: Steinitz variation"]
[ECO "B17"]
[Time "16:17:16"]
[TimeControl "2700+45"]

1. e4 c6 2. d4 d5 3. Nc3 dxe4 4. Nxe4 Nd7 5. Nf3 Ngf6 6. Ng3 g6 7. Bc4 Bg7 8.
O-O O-O 9. Qe2 Nb6 10. Bb3 Bg4 11. c3 Qc7 12. h3 Bxf3 13. Qxf3 Nbd5 14. Re1 e6
15. c4 Ne7 16. Bg5 Nf5 17. Nxf5 exf5 18. Rad1 Ne4 19. Bf4 Qd7 20. c5 Rad8 21.
Bc2 Rfe8 22. Bxe4 fxe4 23. Rxe4 Rxe4 24. Qxe4 Re8 25. Qd3 Qe6 26. Qe3 Qd7 27.
Qb3 Re4 28. Be3 Qe7 29. Kh1 Kh8 30. Rd3 f5 31. Qa4 f4 32. Bd2 Qxc5 33. dxc5 Rxa4
34. Rd8+ Bf8 35. Rxf8+ Kg7 36. Rxf4 Rxa2 37. Rb4 Ra1+ 38. Kh2 Rd1 39. Rxb7+ Kf6
40. Bc3+ Kf5 41. Rf7+ {Black resigns} 1-0

[Event "Team 45 45 League T77"]
[Site "Internet Chess Club"]
[Date "2018.07.29"]
[Round "6"]
[White "fishhead"]
[Black "bobhill"]
[Result "1-0"]
[WhiteElo "1684"]
[BlackElo "1858"]
[Opening "Sicilian: dragon variation"]
[ECO "B70"]
[Time "19:02:54"]
[TimeControl "2700+45"]

1. e4 c5 2. Nf3 d6 3. d4 cxd4 4. Nxd4 Nf6 5. Nc3 g6 6. Bc4 Bg7 7. Bb3 O-O 8. f3
Nc6 9. Nxc6 bxc6 10. Bg5 Qa5 11. Qd2 Be6 12. Na4 Qxd2+ 13. Bxd2 Bxb3 14. cxb3
Nd7 15. Bc3 Ne5 16. O-O-O Rab8 17. f4 Ng4 18. Bxg7 Kxg7 19. Rd2 Rb7 20. h3 Nf6
21. Re1 Rfb8 22. Nc3 a5 23. e5 Ne8 24. Ne4 d5 25. Nc5 Rb5 26. Rc2 e6 27. Kd2 Rc8
28. Rec1 Rb4 29. Nd3 Rb6 30. Rc5 Ra6 31. b4 Rb8 32. a3 axb4 33. Nxb4 Rab6 34.
Rxc6 R6b7 35. Nd3 Kf8 36. b4 Ra7 37. R6c3 Rba8 38. Ra1 Nc7 39. a4 Nb5 40. Rc5
Nd4 41. Kc3 Ne2+ 42. Kb3 Nd4+ 43. Kb2 Rxa4 44. Rxa4 Rxa4 45. Kc3 Ne2+ 46. Kb3
Ra8 47. b5 Ke8 48. Kb4 Nd4 49. Nc1 Kd7 50. Nb3 Ne2 51. b6 Rb8 52. Rc7+ Ke8 53.
b7 Kd8 54. Rxf7 Nxf4 55. Nc5 g5 56. Rxh7 Ng6 57. Nxe6+ Ke8 58. Nc5 Ne7 59. Kb5
Ng6 60. Kb6 d4 61. Nd3 Nf8 62. Rg7 Nd7+ 63. Kc7 Rd8 64. Rg8+ Nf8 65. Rxf8+
{Black resigns} 1-0

[Event "Team 45 45 League T77"]
[Site "Internet Chess Club"]
[Date "2018.07.29"]
[Round "6"]
[White "LinceHispano44"]
[Black "Yedixon"]
[Result "1-0"]
[WhiteElo "1702"]
[BlackElo "1678"]
[Opening "Old Indian defense"]
[ECO "A42"]
[Time "13:01:54"]
[TimeControl "2700+45"]

1. d4 d6 2. c4 e5 3. dxe5 dxe5 4. Qxd8+ Kxd8 5. Nf3 f6 6. Nc3 c6 7. Bd2 Be6 8.
e3 Nd7 9. O-O-O Kc7 10. h3 Nb6 11. b3 a5 12. Kb2 a4 13. Bd3 Nh6 14. g4 Be7 15.
Ne4 Rhd8 16. Bc3 Nf7 17. Ng3 g6 18. g5 fxg5 19. Nxe5 Nxe5 20. Bxe5+ Bd6 21.
Bxd6+ Rxd6 22. c5 Rxd3 23. cxb6+ {Black resigns} 1-0

[Event "Team 45 45 League T77"]
[Site "Internet Chess Club"]
[Date "2018.07.28"]
[Round "6"]
[White "Fianchettoed"]
[Black "zap2"]
[Result "1/2-1/2"]
[WhiteElo "1772"]
[BlackElo "1658"]
[Opening "Old Indian defense"]
[ECO "A42"]
[Time "09:02:00"]
[TimeControl "2700+45"]

1. d4 d6 2. c4 e5 3. dxe5 dxe5 4. Qxd8+ Kxd8 5. Nf3 f6 6. Nc3 c6 7. e4 Be6 8.
Be3 Nd7 9. Be2 Kc7 10. O-O Bc5 11. Bxc5 Nxc5 12. Rac1 a5 13. Nd5+ Bxd5 14. cxd5
Nxe4 15. dxc6 b6 16. Rfd1 Nd6 17. a4 Ne7 18. Bb5 Rad8 19. h4 Ne4 20. Rd7+ Rxd7
21. cxd7+ Kd8 22. Rd1 Kc7 23. Nd2 Nd6 24. Rc1+ Kb7 25. Nc4 Nxb5 26. axb5 Rd8 27.
Rd1 Nf5 28. Nd6+ Nxd6 29. Rxd6 Kc7 30. Rc6+ Kxd7 31. Rxb6 Kc7 32. Ra6 Kb7 33.
Rxa5 Rd1+ 34. Kh2 Rd2 35. f3 Rxb2 36. Ra6 Rxb5 37. Re6 Rc5 38. g4 Rc6 39. Re7+
Rc7 40. Re8 Kc6 41. h5 Kd7 42. Rg8 Ke6 43. Re8+ Kd6 44. Kg3 Re7 45. Ra8 Kc5 46.
Ra4 Rb7 47. Ra5+ Kd6 48. Ra6+ Kd5 49. Ra5+ Ke6 50. Ra6+ Kf7 51. Ra5 g6 52. hxg6+
hxg6 53. Ra6 Rd7 54. Rb6 Ke7 55. Ra6 Rd6 56. Ra7+ Rd7 57. Ra6 Kf7 58. Ra5 Re7
59. Ra6 f5 60. gxf5 gxf5 61. Kf2 f4 62. Rd6 Re6 63. Rd7+ Kf6 64. Ke2 Ra6 65. Rd8
Ra2+ 66. Kf1 Kf5 67. Rf8+ Ke6 68. Rd8 Ke7 69. Rd5 Ke6 70. Rd8 Ra4 71. Kf2 Rd4
72. Re8+ Kd5 73. Ke2 Ra4 74. Rd8+ Kc4 75. Rc8+ Kd4 76. Rd8+ Kc3 77. Rc8+ Rc4 78.
Re8 Rc5 79. Rd8 Kb2 80. Rb8+ Kc2 81. Rd8 Rc3 82. Rd2+ Kc1 83. Rd1+ Kb2 84. Rd5
Re3+ 85. Kf2 Kc2 86. Rc5+ Kd2 87. Rd5+ Kc3 88. Ra5 Kd4 89. Ra4+ Kd5 90. Ra5+ Kc4
91. Ra4+ Kb5 92. Ra8 Kb4 93. Rb8+ Kc3 94. Rb5 Kd2 95. Rb2+ Kd1 96. Rb1+ Kc2 97.
Rb5 Kc3 98. Ra5 Kd4 99. Ra4+ Kd5 100. Ra5+ Ke6 101. Ra6+ Kf5 102. Ra8 Rb3 103.
Rf8+ Kg5 104. Rg8+ Kf6 105. Rf8+ Ke7 106. Rh8 Rb2+ 107. Ke1 Kf6 108. Rh5 Ra2
109. Rh8 Kg5 110. Kf1 Ra1+ 111. Kf2 Ra2+ 112. Kf1 {Game drawn by the 50 move
rule} 1/2-1/2

[Event "Team 45 45 League T77"]
[Site "Internet Chess Club"]
[Date "2018.07.29"]
[Round "6"]
[White "Monterrey"]
[Black "texasnurse"]
[Result "0-1"]
[WhiteElo "1893"]
[BlackElo "2149"]
[Opening "Grünfeld: exchange variation"]
[ECO "D85"]
[Time "16:03:13"]
[TimeControl "2700+45"]

1. d4 Nf6 2. c4 g6 3. Nc3 d5 4. cxd5 Nxd5 5. e4 Nxc3 6. bxc3 Bg7 7. Bg5 c5 8.
Rc1 O-O 9. Nf3 Bg4 10. d5 Nd7 11. Be2 c4 12. h3 Bxf3 13. Bxf3 Ne5 14. Be2 f5 15.
O-O fxe4 16. d6 Qxd6 17. Qxd6 exd6 18. Be7 Rfe8 19. Bxd6 Nd3 20. Rc2 Rad8 21.
Ba3 Bf8 22. Bc1 Rd5 23. h4 b6 24. Bg5 Be7 25. Bxe7 Rxe7 26. Rb1 Kf7 27. Rd2 Kf6
28. Bg4 Ra5 29. Kf1 e3 30. fxe3 Rxe3 31. Kg1 Ra3 32. Rf1+ Kg7 33. Be2 Rxc3 34.
Bxd3 Rcxd3 35. Rdf2 Re7 {White resigns} 0-1

[Event "Team 45 45 League T77"]
[Site "Internet Chess Club"]
[Date "2018.07.27"]
[Round "6"]
[White "MovingDutchman"]
[Black "achessman"]
[Result "1-0"]
[WhiteElo "2157"]
[BlackElo "1886"]
[Opening "KP: Indian opening"]
[ECO "A00"]
[Time "17:06:26"]
[TimeControl "2700+45"]

1. d3 e5 2. e4 Bc5 3. Nf3 d6 4. Be2 Ne7 5. a3 Nbc6 6. b4 Bb6 7. c4 Bg4 8. h3
Bxf3 9. Bxf3 Nd4 10. Bg4 O-O 11. Nd2 Ng6 12. O-O Nf4 13. Nb3 Qf6 14. Nxd4 Bxd4
15. Rb1 Ne6 16. Kh1 b6 17. Bd2 c5 18. Qe2 Rab8 19. Be3 a6 20. Bxd4 Nxd4 21. Qe3
cxb4 22. axb4 Qe7 23. Rb2 g6 24. f4 f6 25. f5 g5 26. h4 h6 27. Qh3 Kg7 28. Kg1
b5 29. hxg5 hxg5 30. Qh5 Qf7 31. Rc1 Qxh5 32. Bxh5 Rfc8 33. Ra2 Rb6 34. Kf2 bxc4
35. dxc4 Rxb4 36. Rxa6 Rbxc4 37. Ra7+ Kf8 38. Rf7+ Kg8 39. Rxc4 Rxc4 40. Rxf6
Rc2+ 41. Kg3 Ne2+ 42. Bxe2 Rxe2 43. Rg6+ Kf7 44. Kf3 Rd2 45. Rxg5 d5 46. exd5
Kf6 47. Rg8 Kxf5 48. Rf8+ Kg6 49. Ke4 Re2+ 50. Kd3 Re1 51. Rf2 Rd1+ 52. Rd2 Rf1
53. Ke3 Rf7 54. Ke4 {Black resigns} 1-0

[Event "Team 45 45 League T77"]
[Site "Internet Chess Club"]
[Date "2018.07.28"]
[Round "6"]
[White "laurenpar"]
[Black "justice02"]
[Result "1-0"]
[WhiteElo "1874"]
[BlackElo "1626"]
[Opening "QGD Slav defense"]
[ECO "D10"]
[Time "22:00:51"]
[TimeControl "2700+45"]

1. d4 d5 2. c4 c6 3. Nc3 a6 4. a4 Nf6 5. Nf3 Nbd7 6. cxd5 cxd5 7. g3 Qa5 8. Bg2
Ne4 9. Qb3 Nxc3 10. bxc3 Nf6 11. Ne5 e6 12. O-O Be7 13. Ba3 Qc7 14. Bxe7 Qxe7
15. c4 dxc4 16. Nxc4 O-O 17. Nb6 Rb8 18. Rfc1 Rd8 19. Nxc8 Rdxc8 20. Rxc8+ Rxc8
21. Qxb7 Qxb7 22. Bxb7 Rc4 23. Bxa6 Rxd4 24. a5 Rb4 25. Bd3 Nd5 26. Rb1 Rxb1+
27. Bxb1 f5 28. e4 fxe4 29. Bxe4 Nc7 30. Bd3 e5 31. a6 e4 32. Bc4+ Kf8 33. a7
Ke7 34. Bd5 Kd6 35. Bxe4 {Black resigns} 1-0

[Event "Team 45 45 League T77"]
[Site "Internet Chess Club"]
[Date "2018.07.28"]
[Round "6"]
[White "ascoli"]
[Black "LookImYourVader"]
[Result "0-1"]
[WhiteElo "1758"]
[BlackElo "1817"]
[Opening "English opening: Agincourt variation"]
[ECO "A13"]
[Time "15:01:02"]
[TimeControl "2700+45"]

1. c4 e6 2. Nf3 d5 3. e3 Nf6 4. Nc3 Be7 5. b3 O-O 6. Bb2 b6 7. Qc2 Bb7 8. Be2
Nbd7 9. Rg1 Ne4 10. Bd3 Ndc5 11. Bxe4 Nxe4 12. Nxe4 dxe4 13. Nd4 c5 14. Nb5 Qd3
15. O-O-O Rfd8 16. g4 a6 17. Nc3 Bc6 18. g5 b5 19. cxb5 axb5 20. Qxd3 exd3 21.
h4 b4 22. Nb1 Rxa2 23. h5 Bd5 24. Rg3 Bxb3 25. Rdg1 c4 26. g6 fxg6 27. hxg6 h6
28. Rh1 Rc8 29. Rgh3 c3 30. Nxc3 bxc3 31. Bxc3 Rc2+ 32. Kb1 R8xc3 33. dxc3 Ba2+
34. Ka1 Bf6 35. Rxh6 Bxc3# {White checkmated} 0-1

[Event "Team 45 45 League T77"]
[Site "Internet Chess Club"]
[Date "2018.07.29"]
[Round "6"]
[White "HomerSimpson"]
[Black "SlimeDog2"]
[Result "1-0"]
[WhiteElo "1987"]
[BlackElo "1972"]
[Opening "English opening"]
[ECO "A05"]
[Time "22:03:14"]
[TimeControl "2700+45"]

1. Nf3 Nf6 2. c4 g6 3. b3 Bg7 4. Bb2 c5 5. g3 b6 6. Bg2 Bb7 7. O-O O-O 8. d4
cxd4 9. Qxd4 d6 10. Rd1 Nbd7 11. Nc3 Ne4 12. Qe3 Nxc3 13. Bxc3 Bxc3 14. Qxc3 Qc7
15. Rac1 Rac8 16. Qe3 Nf6 17. Qh6 Qc5 18. e3 Qa5 19. Ng5 Bxg2 20. Kxg2 Rc5 21.
h4 Qxa2 22. Rd4 Rf5 23. Rf1 Qxb3 24. g4 Rc5 25. Rf4 Rxc4 26. Rxf6 Rxg4+ 27. Kh2
Rxg5 28. hxg5 Qb5 29. Kg1 {Black resigns} 1-0

[Event "Team 45 45 League T77"]
[Site "Internet Chess Club"]
[Date "2018.07.28"]
[Round "6"]
[White "ArturitoGalacti"]
[Black "Terte"]
[Result "1/2-1/2"]
[WhiteElo "1894"]
[BlackElo "1799"]
[Opening "English opening"]
[ECO "A13"]
[Time "03:09:56"]
[TimeControl "2700+45"]

1. c4 e6 2. g3 d5 3. Bg2 dxc4 4. Qa4+ Bd7 5. Qxc4 Bc6 6. Nf3 Nd7 7. d4 Ngf6 8.
O-O Bd6 9. Nc3 O-O 10. b3 Ne4 11. Nxe4 Bxe4 12. Bb2 c6 13. Nd2 Nb6 14. Qc1 Bxg2
15. Kxg2 a5 16. Ne4 Be7 17. Nc5 Qc7 18. a3 a4 19. b4 Nd7 20. e4 Nxc5 21. dxc5 b6
22. cxb6 Qxb6 23. Qc3 Bf6 24. e5 Be7 25. Rac1 {Game drawn by mutual agreement}
1/2-1/2

[Event "Team 45 45 League T77"]
[Site "Internet Chess Club"]
[Date "2018.07.28"]
[Round "6"]
[White "Sloggi"]
[Black "cysk"]
[Result "1-0"]
[WhiteElo "1955"]
[BlackElo "1793"]
[Opening "Dutch, 2.Bg5 variation"]
[ECO "A80"]
[Time "00:03:35"]
[TimeControl "2700+45"]

1. d4 f5 2. Bg5 h6 3. Bh4 g5 4. Bg3 Nf6 5. e3 d6 6. c4 Nc6 7. Nc3 e5 8. dxe5
dxe5 9. Qxd8+ Kxd8 10. O-O-O+ Bd7 11. Nd5 Ne4 12. Bd3 Nxg3 13. hxg3 e4 14. Bc2
Bg7 15. Ba4 Ne5 16. Bxd7 Nxd7 17. Ne2 c6 18. Ndc3 Kc7 19. Nd4 Nc5 20. Kc2 Bxd4
21. Rxd4 Rad8 22. Rxd8 Kxd8 23. g4 fxg4 24. b4 Nd3 25. Nxe4 Nxb4+ 26. Kc3 Na6
27. Nxg5 Re8 28. Rxh6 Rg8 29. Ne4 Rg7 30. Rh4 {Black forfeits on time} 1-0

[Event "Team 45 45 League T77"]
[Site "Internet Chess Club"]
[Date "2018.07.26"]
[Round "6"]
[White "Portola"]
[Black "charles-allen"]
[Result "1-0"]
[WhiteElo "1797"]
[BlackElo "1814"]
[Opening "Queen's pawn"]
[ECO "A40"]
[Time "09:00:23"]
[TimeControl "2700+45"]

1. d4 e6 2. Nf3 f5 3. Bg5 Nf6 4. Bxf6 Qxf6 5. c3 d6 6. e3 Be7 7. Nbd2 O-O 8. Bd3
e5 9. Bc4+ Kh8 10. dxe5 dxe5 11. Qc2 Bd7 12. O-O-O b5 13. Be2 a5 14. h4 b4 15.
Nc4 bxc3 16. Qxc3 e4 17. Qxf6 Bxf6 18. Nfe5 Be6 19. Kb1 Na6 20. f4 Nc5 21. g4 g6
22. g5 Bxc4 23. Bxc4 Bxe5 24. fxe5 Rfd8 25. e6 Kg7 26. e7 Rxd1+ 27. Rxd1 Re8 28.
Rd5 Nd3 29. Rd8 Rxe7 30. Rg8# {Black checkmated} 1-0

[Event "Team 45 45 League T77"]
[Site "Internet Chess Club"]
[Date "2018.07.30"]
[Round "6"]
[White "ascoli"]
[Black "a-man"]
[Result "0-1"]
[WhiteElo "1746"]
[BlackElo "1866"]
[Opening "Sicilian: accelerated fianchetto, Maróczy bind"]
[ECO "B38"]
[Time "12:00:28"]
[TimeControl "2700+45"]

1. e4 c5 2. Nf3 Nc6 3. d4 cxd4 4. Nxd4 g6 5. c4 Nf6 6. Nc3 Bg7 7. Be3 O-O 8. g3
Ng4 9. Qxg4 Nxd4 10. Qd1 Nc6 11. Qd2 d6 12. Bg2 Qa5 13. Rc1 Ne5 14. b3 Bg4 15.
O-O Nf3+ 16. Bxf3 Bxf3 17. Nd5 Qxd2 18. Nxe7+ Kh8 19. Bxd2 Rae8 20. Nd5 Rxe4 21.
Rfe1 Rfe8 22. Ne3 Kg8 23. Nd5 Rxe1+ 24. Rxe1 Rxe1+ 25. Bxe1 b5 26. Bb4 bxc4 27.
bxc4 Be2 28. Ne7+ Kf8 29. Bxd6 Ke8 30. c5 Kd7 31. f4 Bc4 32. a3 Bf6 33. Ng8 Bd4+
34. Kg2 f5 35. Nh6 Bg7 36. Nxf5 gxf5 37. Kf3 Bb2 38. g4 fxg4+ 39. Kxg4 Bxa3 40.
Kg5 a5 41. f5 a4 42. Kh6 Bb2 43. Kxh7 a3 44. Kg6 a2 45. h4 a1=Q 46. h5 Qg1+ 47.
Kh6 Qg7# {White checkmated} 0-1

[Event "Team 45 45 League T77"]
[Site "Internet Chess Club"]
[Date "2018.07.27"]
[Round "6"]
[White "THE-WARRIOR"]
[Black "ChessRooklift"]
[Result "0-1"]
[WhiteElo "1595"]
[BlackElo "1679"]
[Opening "Queen's pawn: Lundin (Kevitz-Mikenas) defense"]
[ECO "A40"]
[Time "19:11:09"]
[TimeControl "2700+45"]

1. d4 Nc6 2. c4 e5 3. d5 Nce7 4. e4 Ng6 5. Nf3 Bc5 6. Be2 Nf6 7. Nc3 d6 8. h3
Bd7 9. O-O h6 10. a3 a5 11. b3 Qc8 12. Kh2 O-O 13. Qd3 Nh5 14. Be3 Nhf4 15. Qd1
Bxh3 16. Rg1 Bxg2 {White resigns} 0-1

[Event "Team 45 45 League T77"]
[Site "Internet Chess Club"]
[Date "2018.07.27"]
[Round "6"]
[White "edelgado"]
[Black "Portola"]
[Result "1-0"]
[WhiteElo "1509"]
[BlackElo "1754"]
[Opening "French: advance, Euwe variation"]
[ECO "C02"]
[Time "19:00:19"]
[TimeControl "2700+45"]

1. e4 e6 2. d4 d5 3. e5 c5 4. c3 Nc6 5. Nf3 Bd7 6. Be2 cxd4 7. cxd4 Nge7 8. Na3
Ng6 9. Nc2 Be7 10. Be3 O-O 11. Bd3 Qc7 12. h4 Rfe8 13. h5 Nf8 14. h6 g6 15. Bg5
Rac8 16. Kf1 Qb6 17. Bxe7 Rxe7 18. b4 Be8 19. a3 Rec7 20. Qd2 a6 21. Qg5 Nd7 22.
Rc1 Rb8 23. g3 Rcc8 24. Kg2 Qd8 25. Qf4 Qe7 26. Nd2 Nb6 27. Nb3 Na7 28. Nc5 Nd7
29. Nxb7 Rc3 30. Bxa6 Rc7 31. Nd6 Nb6 32. Ne3 Rxc1 33. Rxc1 {Black resigns} 1-0

[Event "Team 45 45 League T77"]
[Site "Internet Chess Club"]
[Date "2018.07.29"]
[Round "6"]
[White "g8wrb"]
[Black "BrerRabbit"]
[Result "1-0"]
[WhiteElo "1355"]
[BlackElo "1353"]
[Opening "Pirc defense"]
[ECO "B07"]
[Time "15:02:32"]
[TimeControl "2700+45"]

1. e4 d6 2. d4 Nf6 3. Nc3 e5 4. dxe5 dxe5 5. Qxd8+ Kxd8 6. Bg5 c6 7. O-O-O+ Nd7
8. Bc4 Ke8 9. Nf3 Be7 10. Rhe1 h6 11. Bh4 Nc5 12. Nxe5 Be6 13. Bxe6 Nxe6 14. f3
Rd8 15. Bf2 Rxd1+ 16. Rxd1 Bc5 17. Bxc5 Nxc5 18. b4 Na6 19. b5 cxb5 20. Nxb5 Ke7
21. Nxa7 Nc7 22. c4 Ra8 23. Nb5 Nxb5 24. cxb5 Rxa2 25. Rd2 Ra5 26. Rb2 Ra1+ 27.
Kc2 Rh1 28. h3 Rg1 29. Kd3 Rc1 30. Kd4 Nh5 31. Nd3 Rd1 32. Kc4 b6 33. Ra2 Nf6
34. Ra7+ Ke8 35. Rb7 Nd7 36. Nf4 Rc1+ 37. Kd5 Rc5+ 38. Kd6 Rc2 39. Rxd7 Rd2+ 40.
Nd5 Rxg2 41. Nc7+ Kf8 42. Rd8# {Black checkmated} 1-0

[Event "Team 45 45 League T77"]
[Site "Internet Chess Club"]
[Date "2018.07.28"]
[Round "6"]
[White "Ajolote"]
[Black "misuc56"]
[Result "1-0"]
[WhiteElo "1772"]
[BlackElo "1576"]
[Opening "Sicilian: closed"]
[ECO "B24"]
[Time "13:00:45"]
[TimeControl "2700+45"]

1. e4 c5 2. Nc3 Nc6 3. g3 d6 4. Bg2 Bd7 5. Nge2 Rb8 6. d3 g6 7. O-O Bg7 8. h3 a6
9. Nd5 Nf6 10. Ne3 O-O 11. Bd2 b5 12. f4 Qc8 13. g4 h5 14. f5 Ne5 15. g5 Nh7 16.
Nd5 Qd8 17. f6 exf6 18. gxf6 Bxf6 19. Nxf6+ Nxf6 20. Bg5 Be6 21. Rxf6 Qd7 22.
Nf4 d5 23. Nxe6 fxe6 24. Qe2 d4 25. Raf1 Rxf6 26. Rxf6 Rf8 27. Qf2 Rxf6 28. Qxf6
Nc6 29. Qxg6+ Kf8 30. Bh6+ Ke7 31. Qg5+ Ke8 32. Qg8+ Ke7 33. Qf8# {Black
checkmated} 1-0

[Event "Team 45 45 League T77"]
[Site "Internet Chess Club"]
[Date "2018.07.29"]
[Round "6"]
[White "President"]
[Black "Insan996"]
[Result "1-0"]
[WhiteElo "1549"]
[BlackElo "1643"]
[Opening "Nimzovich-Larsen attack: modern variation"]
[ECO "A01"]
[Time "15:07:44"]
[TimeControl "2700+45"]

1. b3 e5 2. Bb2 Nc6 3. e3 d6 4. Bb5 Nf6 5. Ne2 Be7 6. d4 exd4 7. Qxd4 Bd7 8.
Bxc6 bxc6 9. O-O c5 10. Qd1 O-O 11. Nbc3 Rb8 12. Nf4 Bc6 13. Nfd5 Re8 14. Qf3
Ba8 15. Rad1 Nd7 16. Nxe7+ Qxe7 17. Nd5 Qe6 18. Qg3 Qh6 19. Nxc7 Re4 20. Nxa8
Rxa8 21. Rxd6 {Black resigns} 1-0

[Event "Team 45 45 League T77"]
[Site "Internet Chess Club"]
[Date "2018.07.31"]
[Round "6"]
[White "JPSVI"]
[Black "mambo99"]
[Result "1-0"]
[WhiteElo "1322"]
[BlackElo "1466"]
[Opening "Réti: King's Indian attack"]
[ECO "A05"]
[Time "14:33:52"]
[TimeControl "2700+45"]

1. Nf3 Nf6 2. g3 g6 3. Bg2 Bg7 4. O-O O-O 5. d3 d5 6. Nbd2 Nc6 7. e4 dxe4 8.
dxe4 e5 9. Qe2 Be6 10. c3 Qe7 11. Nc4 Bxc4 12. Qxc4 Rad8 13. Be3 b6 14. Qxc6 Rd6
15. Qa4 c5 16. Bg5 Qb7 17. Bxf6 Bxf6 18. Rad1 b5 19. Qc2 Rfd8 20. Rxd6 Rxd6 21.
Nd2 c4 22. Rd1 Qd7 23. Bf3 Qb7 24. Nf1 Re6 25. Rd5 Bg5 26. h4 Be7 27. Qd2 {Black
resigns} 1-0

[Event "Team 45 45 League T77"]
[Site "Internet Chess Club"]
[Date "2018.07.26"]
[Round "6"]
[White "mongmong"]
[Black "nidusin2"]
[Result "0-1"]
[WhiteElo "1435"]
[BlackElo "1513"]
[Opening "Queen's Pawn"]
[ECO "A54"]
[Time "21:34:48"]
[TimeControl "2700+45"]

1. d4 d6 2. Nf3 Nf6 3. c4 Nbd7 4. Nc3 e5 5. dxe5 dxe5 6. e4 Be7 7. g3 c6 8. Bg2
Qc7 9. Qc2 h6 10. a3 a5 11. b3 O-O 12. O-O Nc5 13. Bb2 Bg4 14. b4 axb4 15. axb4
Ncd7 16. c5 b6 17. Na4 bxc5 18. Nxc5 Nxc5 19. bxc5 Nd7 20. Ba3 Rfb8 21. h3 Be6
22. Nd2 Rb5 23. f4 exf4 24. gxf4 Nf6 25. f5 Bd7 26. Nb3 Qb8 27. Nd4 Rba5 28. Bb2
Rxa1 29. Rxa1 Rxa1+ 30. Bxa1 Qb4 31. Nb3 Qe1+ 32. Kh2 Nh5 33. Be5 Bh4 34. Qd2
Bg3+ 35. Bxg3 Qxg3+ 36. Kh1 Nf4 37. Nd4 Nxg2 38. Qxg2 Qe1+ 39. Kh2 Qe3 40. f6
Qf4+ 41. Kh1 Qxf6 42. e5 Qxe5 43. Nxc6 Qxc5 44. Nb8 Be6 45. Qc6 Bd5+ {White
resigns} 0-1

[Event "Team 45 45 League T77"]
[Site "Internet Chess Club"]
[Date "2018.07.28"]
[Round "6"]
[White "AboardBuffalo"]
[Black "andrew37"]
[Result "0-1"]
[WhiteElo "1510"]
[BlackElo "1626"]
[Opening "Sicilian: Najdorf, Opocensky variation"]
[ECO "B92"]
[Time "15:01:53"]
[TimeControl "2700+45"]

1. e4 c5 2. Nf3 d6 3. d4 cxd4 4. Nxd4 Nf6 5. Nc3 a6 6. Be2 e5 7. Nb3 Be7 8. O-O
O-O 9. Be3 Be6 10. Qd2 Nbd7 11. a4 Nb6 12. a5 Nc4 13. Bxc4 Bxc4 14. Rfd1 Rc8 15.
Bb6 Qd7 16. f3 Qc6 17. Qf2 Rfe8 18. Nd2 Be6 19. Qg3 Nh5 20. Qf2 Nf4 21. Be3 Ng6
22. Nf1 Bc4 23. Ng3 Nf4 24. Nf5 Bf8 25. Qd2 Ne6 26. b3 Bxb3 27. cxb3 Qxc3 28. b4
Qxd2 29. Rxd2 Rc3 30. Bf2 Rec8 31. Rdd1 R8c6 32. Bb6 Rc2 33. Ne3 Re2 34. Nd5
Rcc2 35. Ne3 Rb2 36. Rdb1 Nf4 37. Rxb2 Rxb2 38. Ra4 g6 39. Kf1 Rb1+ 40. Kf2 Rxb4
41. Rxb4 Nd3+ 42. Ke2 Nxb4 43. Kd2 Bh6 44. Kc3 Bxe3 45. Bxe3 Nc6 46. Bb6 Kf8 47.
Kc4 Ke7 48. g3 Ke6 49. h3 f5 50. Kd3 d5 51. Ke3 d4+ 52. Kd3 g5 53. g4 fxg4 54.
hxg4 Kd6 55. Kc4 h6 56. Bc5+ Ke6 57. Bb6 Ne7 58. Bc5 Ng6 59. Kd3 Kd7 60. Bb6
Nf4+ 61. Kd2 Kc6 62. Kc2 Kb5 63. Kb3 Ne6 64. Kc2 Kc4 65. Kd2 d3 66. Kd1 Nd4 67.
Bxd4 Kxd4 68. Kd2 Kc4 69. Kd1 Kc3 70. Kc1 Kb4 71. Kd2 Kxa5 72. Kxd3 Kb4 73. Kc2
Kc4 74. Kd2 Kd4 75. Ke2 a5 76. Kd2 a4 77. Kc2 Ke3 78. Kc3 Kxf3 79. Kb4 Kxe4 80.
Kxa4 Kd4 81. Kb3 Kd3 82. Kb2 Kd2 83. Kb3 e4 84. Kc4 e3 85. Kd4 e2 {White
resigns} 0-1

[Event "Team 45 45 League T77"]
[Site "Internet Chess Club"]
[Date "2018.07.29"]
[Round "6"]
[White "learnedberry1"]
[Black "QuieroAprender"]
[Result "1-0"]
[WhiteElo "1552"]
[BlackElo "1569"]
[Opening "King's pawn game"]
[ECO "C50"]
[Time "19:36:02"]
[TimeControl "2700+45"]

1. e4 e5 2. Nf3 Nc6 3. Bc4 Nd4 4. Nxd4 exd4 5. d3 d6 6. O-O c5 7. c3 dxc3 8.
Nxc3 a6 9. a4 Bd7 10. f4 b5 11. axb5 axb5 12. Rxa8 Qxa8 13. Nxb5 Qb7 14. Nc3 Nf6
15. e5 Ng4 16. h3 Nh6 17. exd6 Bxd6 18. Re1+ Kd8 19. Bd5 Qb4 20. Re4 Qb8 21. Qh5
Bf5 22. Qg5+ f6 23. Qxg7 {Black resigns} 1-0

[Event "Team 45 45 League T77"]
[Site "Internet Chess Club"]
[Date "2018.07.27"]
[Round "6"]
[White "BrianWood"]
[Black "MartyJR"]
[Result "1/2-1/2"]
[WhiteElo "1508"]
[BlackElo "1447"]
[Opening "Polish (Sokolsky) opening"]
[ECO "A00"]
[Time "20:01:06"]
[TimeControl "2700+45"]

1. b4 d5 2. Bb2 Nf6 3. e3 c6 4. c4 e6 5. b5 Bd6 6. Nf3 O-O 7. Be2 a6 8. O-O axb5
9. cxb5 cxb5 10. Bxb5 Nc6 11. d4 Bd7 12. Nc3 Na5 13. Ne5 Bxb5 14. Nxb5 Be7 15.
Qe2 Rc8 16. Rfc1 Qb6 17. Rcb1 Qa6 18. a4 Nc6 19. Nd3 Rfd8 20. f3 Na5 21. Bc3 Nc4
22. Nb4 {Game drawn by mutual agreement} 1/2-1/2